 Dungeon Crawl Stone Soup version 0.24-a0-423-g6870c0f642 (webtiles) character file.

Game seed: 13052659610488937748

252 LabCoat the Chopper (level 6, -4/79 HPs)
             Began as a Hill Orc Fighter on June 13, 2019.
             Slain by Pikel
             ... wielding a +2 whip of flaming
              (6 damage)
             ... on level 4 of the Dungeon.
             The game lasted 00:11:07 (2825 turns).

LabCoat the Chopper (Hill Orc Fighter)              Turns: 2825, Time: 00:11:09

Health: -4/79      AC: 11    Str: 25    XL:     6   Next: 14%
Magic:  6/6        EV:  6    Int:  8    God:
Gold:   110        SH: 10    Dex: 11    Spells: 5/5 levels left

rFire    . . .     SeeInvis .   a - +0 war axe
rCold    . . .     Gourm    .   c - +0 shield
rNeg     . . .     Faith    .   h - +0 chain mail (curse)
rPois    .         Spirit   .   e - +0 helmet
rElec    .         Reflect  .   m - scarf {cloud immunity}
rCorr    .         Harm     .   i - +0 pair of gloves
MR       .....                  (no boots)
Stlth    ..........             (no amulet)
HPRegen  0.23/turn              k - ring of attention (curse)
MPRegen  0.10/turn              (no ring)

@: berserking, lethally poisoned (-4 -> -5), very quick
A: no striking features
a: no special abilities


You were on level 4 of the Dungeon.
You were not hungry.

You visited 1 branch of the dungeon, and saw 4 of its levels.

You collected 110 gold pieces.

Inventory:

Hand Weapons
 a - a +0 war axe (weapon)
 g - a +0 morningstar
Missiles
 o - 6 poisoned darts (quivered)
Armour
 c - a +0 shield (worn)
 e - a +0 helmet (worn)
 h - a cursed +0 chain mail (worn)
 i - a +0 pair of gloves (worn)
 m - a scarf of cloud immunity (worn)
Jewellery
 k - a cursed ring of attention (left hand)
Wands
 b - a wand of digging (7)
Potions
 d - 3 potions of might
 j - a potion of lignification
 n - a potion of flight {unknown}
 q - a potion of degeneration {unknown}
 r - a potion of agility {unknown}
 u - a potion of brilliance {unknown}
Comestibles
 f - 2 rations


   Skills:
 + Level 4.4 Fighting
 * Level 6.4 Axes
 + Level 4.0 Armour
 - Level 0.2 Dodging
 + Level 4.1 Shields


You had 5 spell levels left.
You didn't know any spells.
Your spell library was empty.

Dungeon Overview and Level Annotations

Branches:
Dungeon (4/15)
 Temple: D:4-7

Altars:
Elyvilon
Makhleb
Nemelex Xobeh

Portals:
Sewer: D:4

Annotations:
D:4 Pikel


Message History

You kill the slave!
That felt strangely unrewarding.
You barely miss the slave. x2
You block Pikel's attack. The slave hits you.
* * * LOW HITPOINT WARNING * * *
You hit Pikel.
Pikel is lightly wounded.
You slash the slave!
You kill the slave!
That felt strangely unrewarding.
You slash the slave!
You kill the slave!
That felt strangely unrewarding.
You slash the giant cockroach!
You kill the giant cockroach!
Pikel barely misses you.
You slice Pikel!!
Pikel is severely wounded.
You miss the slave.
* * * LOW HITPOINT WARNING * * *
You feel sick. The slave hits you but does no damage.
Pikel hits you with a +2 whip of flaming.
You die...

#..# # . ##.#
#.# #.#########
#......#..
#.####.#.####
#.####.#.[..#.##
#........p#.....
#.####.#@K..#
#.. ...#†#......
########.. .....
##.. .≈≈≈ #..
≈≈≈ ..≈ ∩≈ ..≈≈
≈ ..≈≈


You could see Pikel and a slave.

Vanquished Creatures
  3 slaves (D:4)
  A scorpion (D:4)
  An orc priest (D:3)
  Robin (D:2)
  2 adders (D:2)
  A river rat (D:4)
  2 oozes
  A worm (D:2)
  4 dart slugs
  2 leopard geckos
  14 orcs (D:3)
  7 bats
  6 giant cockroaches
  7 hobgoblins
  4 jackals
  2 quokkas
  2 ball pythons
  5 frilled lizards
  18 goblins
  8 kobolds
  13 rats
104 creatures vanquished.

Notes
Turn   | Place    | Note
-------+----------+-------------------------------------------
     0 | D:1      | LabCoat the Hill Orc Fighter began the quest for the Orb.
     0 | D:1      | Reached XP level 1. HP: 19/19 MP: 1/1
    72 | D:1      | Reached XP level 2. HP: 27/27 MP: 2/2
   229 | D:1      | Reached skill level 3 in Axes
   242 | D:1      | Reached XP level 3. HP: 25/33 MP: 3/3
   858 | D:2      | Reached skill level 4 in Axes
   858 | D:2      | Reached XP level 4. HP: 29/40 MP: 4/4
  1049 | D:2      | Noticed Robin
  1072 | D:2      | Killed Robin
  1893 | D:3      | Reached skill level 5 in Axes
  1986 | D:3      | Reached XP level 5. HP: 46/46 MP: 5/5
  2086 | D:3      | Found a sparkling altar of Nemelex Xobeh.
  2087 | D:3      | Found a burning altar of Makhleb.
  2704 | D:3      | Found a white marble altar of Elyvilon.
  2793 | D:4      | Found a glowing drain.
  2794 | D:4      | Noticed a slave
  2796 | D:4      | Noticed a slave
  2801 | D:4      | Noticed a slave
  2807 | D:4      | Noticed a slave
  2810 | D:4      | Noticed Pikel
  2816 | D:4      | Reached skill level 6 in Axes
  2816 | D:4      | Reached XP level 6. HP: 21/53 MP: 6/6
  2823 | D:4      | Killed a slave
  2823 | D:4      | HP: 3/79 [slave[Pikel] (4)]
  2824 | D:4      | Killed a slave
  2824 | D:4      | Killed a slave
  2825 | D:4      | Slain by Pikel

Levels and vault maps discovered:
D:1:      eino_arrival_tree_alley, layout_basic, st_stairs_9
D:2:      layout_basic, first_ration, uniq_robin
D:3:      layout_rooms, lemuel_coloured_pillars_altar,
          chequers_temple_overflow_statue_of_worship, corexii_shack
D:4:      layout_loops_cross, portal_sewer_entry_a, corexii_checkpoint_b,
          uniq_menkaure, uniq_pikel

Skill      XL: |  1  2  3  4  5 |
---------------+----------------+-----
Axes           | 3 4 5 6 |  6.4
Fighting       | 4 |  4.4
Shields        | 4 |  4.1
Armour         | 4 |  4.0
Dodging        | |  0.2

Action                   |  1- 3 |  4- 6 || total
-------------------------+-------+-------++-------
Melee: War axe           |    81 |   180 ||   261
Throw: Dart              |       |     1 ||     1
  Use: Scroll            |     1 |     4 ||     5
       Potion            |       |     3 ||     3
  Eat: Chunk             |       |     3 ||     3
       Ration            |       |     1 ||     1
Armor: Scale mail        |    48 |       ||    48
       Chain mail        |     4 |   112 ||   116
Dodge: Dodged            |    21 |    45 ||    66
Block: Shield            |    41 |   120 ||   161

Table legend:
 A = Non-vault XP
 B = Vault XP
 C = Vault XP percentage of total XP
 D = Non-vault monster count
 E = Vault monster count
 F = Vault count percentage of total count
                 A         B        C        D         E       F
            +---------+---------+-------+---------+---------+-------
      Total |     305 |      56 |  15.5 |      84 |      17 |  16.8
            +---------+---------+-------+---------+---------+-------
        D:1 |      44 |       5 |  10.2 |      26 |       2 |   7.1
        D:2 |      68 |      27 |  28.4 |      19 |       7 |  26.9
        D:3 |     123 |       2 |   1.6 |      38 |       1 |   2.6
        D:4 |      70 |      22 |  23.9 |       1 |       7 |  87.5
            +---------+---------+-------+---------+---------+-------
